 Dungeon Crawl Stone Soup version 0.21.1-1-g345015f (webtiles) character file.

51 inc the Shield-Bearer (level 3, 0/26 HPs)
             Began as an Octopode Fighter on Apr 24, 2018.
             Splashed by a jelly's acid (3 damage)
             ... on level 2 of the Dungeon.
             The game lasted 00:01:05 (1501 turns).

inc the Shield-Bearer (Octopode Fighter)            Turns: 1501, Time: 00:01:06

Health: 0/26       AC: -3    Str: 15    XL:     3   Next: 81%
Magic:  3/3        EV: 12    Int: 10    God:
Gold:   60         SH:  9    Dex: 12    Spells: 2/2 levels left

rFire    . . .     SeeInvis .   a - +0 flail
rCold    . . .     Gourm    .   b - +0 shield
rNeg     . . .     Faith    .   (helmet restricted)
rPois    .         Spirit   .   (no amulet)
rElec    .         Reflect  .   (no ring)
rCorr    .         Harm     .   (no ring)
MR       .....                  (no ring)
Stlth    ++........             (no ring)
HPRegen  0.08/turn              (no ring)
MPRegen  0.08/turn              (no ring)
                                (no ring)
                                (no ring)

@: corroded
A: almost no armour, stealthy swim, amphibious, 8 rings, constrict 8, camouflage
1, gelatinous body 1
a: no special abilities


You were on level 2 of the Dungeon.
You were hungry.

You visited 1 branch of the dungeon, and saw 2 of its levels.

You collected 60 gold pieces.

Inventory:

Hand Weapons
 a - a +0 flail (weapon)
Armour
 b - a +0 shield (worn)
Scrolls
 f - a scroll of remove curse {unknown}
 g - a scroll of immolation {unknown}
 h - a scroll of magic mapping {unknown}
 i - 2 scrolls of fear {unknown}
 k - 2 scrolls of identify {unknown}
 m - a scroll of teleportation {unknown}
Potions
 c - a potion of might
 e - a potion of cancellation {unknown}
 j - a potion of berserk rage {unknown}
 l - a potion of flight {unknown}
 n - a potion of haste {unknown}
Comestibles
 d - 2 rations


   Skills:
 - Level 3.0 Fighting
 + Level 3.1 Maces & Flails
 - Level 3.0 Dodging
 + Level 3.9 Shields


You had 2 spell levels left.
You didn't know any spells.

Dungeon Overview and Level Annotations

Branches:
Dungeon (2/15)

Altars:


Innate Abilities, Weirdness & Mutations

You cannot wear most types of armour.
You are very stealthy in the water. (Stealth+)
You are amphibious.
You can wear up to eight rings at the same time.
You can use your tentacles to constrict eight enemies at once.
Your skin changes colour to match your surroundings (Stealth+).
Your rubbery body absorbs attacks. (AC +1, EV +1)


Message History

A jelly is nearby!
A jelly is nearby!
The jelly quivers.
A hobgoblin comes into view.
It is wielding a short sword of draining.
The jelly hits you.
You are splashed with acid!
The acid burns!
The hobgoblin shouts!
You hit the jelly.
Your tentacles burn!
The jelly is lightly wounded.
The jelly hits you. The acid corrodes you!
You are splashed with acid!
The acid burns!
* * * LOW HITPOINT WARNING * * *
The hobgoblin misses you.
Found 18 poisoned needles.
You hit the jelly.
Your tentacles burn!
* * * LOW HITPOINT WARNING * * *
You squeeze the jelly, but do no damage.
The jelly is moderately wounded.
The jelly barely misses you.
You hit the jelly.
Your tentacles burn!
You die...

..# #.# #.# #.# #.#
######.#######
#............# #.#
#.#####.#.. #.#
##gJ@....... #.#
#.###.##.#.( #.# #.#
...
#########.###.###..##
>.........)........#
###.###.#.#####.##.#
....(.#.........# ..
###.#.#.#........ ..
##....#######.##


You could see a jelly and a hobgoblin.

Vanquished Creatures
  2 adders (D:2)
  3 dart slugs
  2 giant cockroaches (D:1)
  2 goblins (D:1)
  5 hobgoblins
  4 jackals (D:2)
  A kobold (D:2)
  2 ball pythons
  3 bats
  2 frilled lizards (D:1)
26 creatures vanquished.

Notes
Turn   | Place    | Note
-------+----------+-------------------------------------------
     0 | D:1      | inc the Octopode Fighter began the quest for the Orb.
     0 | D:1      | Reached XP level 1. HP: 16/16 MP: 1/1
   175 | D:1      | Reached XP level 2. HP: 16/21 MP: 2/2
   999 | D:2      | Reached XP level 3. HP: 11/26 MP: 3/3
  1501 | D:2      | Splashed by a jelly's acid

Skill      XL: |  1  2  3 |
---------------+----------+-----
Maces & Flails | 3 |  3.1
Fighting       | |  3.0
Dodging        | |  3.0
Shields        | |  3.9

Action                   || total
-------------------------++-------
Melee: Flail             ||    51
       Constrict         ||    12
       Tentacles         ||     8
 Stab: Sleeping          ||     4
  Eat: Chunk             ||     1
Armor: Skin              ||     4
Dodge: Dodged            ||    24
Block: Shield            ||    15
